 Dungeon Crawl Stone Soup version 0.16-a0-3939-g9a3e665 (webtiles) character file.

136532 Malachi the Devastator (level 16, -6/131 HPs)
             Began as a Mummy Wizard on Jan 22, 2015.
             Was the Champion of Sif Muna.
             Mangled by a greater naga
             ... wielding a +0 halberd
              (13 damage)
             ... on level 5 of the Snake Pit on Feb 6, 2015.
             The game lasted 03:25:48 (65821 turns).

Malachi the Devastator (Mummy Wizard)              Turns: 65821, Time: 03:25:49

Health: -6/131     AC:  9    Str: 11    XL:     16   Next: 66%
Magic:  3/38       EV: 13    Int: 24    God:    Sif Muna [******]
Gold:   1405       SH:  0    Dex: 10    Spells: 8 memorised, 3 levels left

rFire  x . .     SeeInvis +     f - +5 short sword of the Vase {pierce, rElec HP+9 MP+9 Int+3}
rCold  + . .     Clarity  .     x - +2 robe {Archmagi}
rNeg   + + +     SustAb   .     (no shield)
rPois  ∞         Gourm    .     N - +0 helmet
rElec  +         Spirit   .     J - +1 cloak
rCorr  .         Warding  .     d - +1 pair of gloves
rMut   +         Stasis   .     (no boots)
MR     ++...                    z - amulet of resist mutation
Stlth  ++........               M - ring of the Chupacabra {Wiz HP+9 SInv}
                                Z - ring of wizardry

@: repel missiles, very resistant to hostile enchantments, unstealthy
A: no food or potions, fire vulnerability, in touch with death, restore body,
cold resistance 1, negative energy resistance 3, poison resistance, torment
resistance, unbreathing
a: Self-Restoration, Channel Energy, Forget Spell, Renounce Religion


You were on level 5 of the Snake Pit.
You worshipped Sif Muna.
Sif Muna was exalted by your worship.
You were not hungry.

You visited 4 branches of the dungeon, and saw 27 of its levels.

You collected 2577 gold pieces.
You spent 1172 gold pieces at shops.

Inventory:

Hand weapons
 f - the +5 short sword of the Vase (weapon) {pierce, rElec HP+9 MP+9 Int+3}
   (You found it on level 5 of the Dungeon)

   It inflicts extra damage upon your enemies.
   It affects your intelligence (+3).
   It insulates you from electricity.
   It affects your health (+9).
   It affects your magic capacity (+9).
Missiles
 s - 7 curare-tipped needles
 R - 8 javelins of penetration (quivered)
Armour
 d - a +1 pair of gloves (worn)
 x - a +2 robe of the Archmagi (worn)
 J - a +1 cloak (worn)
 N - a +0 helmet (worn)
Jewellery
 e - an uncursed ring of protection from magic
 g - an uncursed amulet of resist corrosion
 j - an uncursed ring of fire
 u - an uncursed ring of ice
 w - an uncursed ring of see invisible
 y - an uncursed ring of stealth
 z - an amulet of resist mutation (around neck)
 M - the ring of the Chupacabra (right hand) {Wiz HP+9 SInv}
   (You bought it in a shop on level 10 of the Dungeon)

   [ring of wizardry]

   It improves your spell success rate.
   It affects your health (+9).
   It enhances your eyesight.
 Z - a ring of wizardry (left hand)
Magical devices
 S - a wand of cold (0)
 W - a wand of disintegration (10)
 Y - a wand of fire (6)
Scrolls
 b - 8 scrolls of teleportation
 i - 2 scrolls of vulnerability
 k - a scroll of blinking
 n - a scroll of silence
 p - a scroll of fog
 r - 3 scrolls of remove curse
 v - a scroll of magic mapping
 A - 3 scrolls of enchant weapon
 B - 2 scrolls of recharging
 G - 17 scrolls of identify
 I - 2 scrolls of amnesia
 K - a scroll of torment
 T - a scroll of enchant armour
Books
 a - Penluf's Almanac of Air
   (Sif Muna gifted it to you on level 4 of the Orcish Mines)

   Spells                             Type                      Level
   a - Repel Missiles                 Charms/Air                   2
   b - Swiftness                      Charms/Air                   2
   c - Flight                         Charms/Air                   3
   d - Conjure Ball Lightning         Conjuration/Air              6
 c - Sif Muna's Compendium of the Glacier
   (Sif Muna gifted it to you on level 5 of the Snake Pit)

   Spells                             Type                      Level
   a - Ensorcelled Hibernation        Hexes/Ice                    2
   b - Throw Icicle                   Conjuration/Ice              4
   c - Condensation Shield            Ice                          4
   d - Summon Ice Beast               Ice/Summoning                4
   e - Ozocubu's Refrigeration        Ice                          6
 h - Sif Muna's Catalogue of Damaging Air
   (Sif Muna gifted it to you on level 11 of the Dungeon)

   Spells                             Type                      Level
   a - Shock                          Conjuration/Air              1
   b - Swiftness                      Charms/Air                   2
   c - Summon Lightning Spire         Summoning/Air                4
   d - Lightning Bolt                 Conjuration/Air              5
   e - Conjure Ball Lightning         Conjuration/Air              6
 l - a book of the Sky

   Spells                             Type                      Level
   a - Flight                         Charms/Air                   3
   b - Airstrike                      Air                          4
   c - Silence                        Hexes/Air                    5
   d - Deflect Missiles               Charms/Air                   6
   e - Conjure Ball Lightning         Conjuration/Air              6
   f - Tornado                        Air                          9
 m - Sif Muna's Reference Book on Conjuration
   (Sif Muna gifted it to you on level 5 of the Snake Pit)

   Spells                             Type                      Level
   a - Magic Dart                     Conjuration                  1
   b - Searing Ray                    Conjuration                  2
   c - Static Discharge               Conjuration/Air              3
   d - Fulminant Prism                Conjuration/Hexes            4
   e - Throw Icicle                   Conjuration/Ice              4
   f - Irradiate                      Conjuration/Transmutation    5
 q - a book of Burglary

   Spells                             Type                      Level
   a - Swiftness                      Charms/Air                   2
   b - Passwall                       Transmutation/Earth          3
   c - Passage of Golubria            Translocation                4
   d - Lee's Rapid Deconstruction     Earth                        5
   e - Invisibility                   Hexes                        6
   f - Darkness                       Hexes                        7
 t - Lehudib's Reference Book on Aerial Battle Magic
   (Sif Muna gifted it to you on level 2 of the Snake Pit)

   Spells                             Type                      Level
   a - Magic Dart                     Conjuration                  1
   b - Shock                          Conjuration/Air              1
   c - Static Discharge               Conjuration/Air              3
   d - Throw Icicle                   Conjuration/Ice              4
   e - Iskenderun's Mystic Blast      Conjuration                  4
   f - Conjure Ball Lightning         Conjuration/Air              6
 D - a Young Poisoner's Handbook

   Spells                             Type                      Level
   a - Sting                          Conjuration/Poison           1
   b - Cure Poison                    Poison                       2
   c - Mephitic Cloud                 Conjuration/Poison/Air       3
   d - Olgreb's Toxic Radiance        Poison                       4
   e - Venom Bolt                     Conjuration/Poison           5
 E - a book of the Earth

   Spells                             Type                      Level
   a - Leda's Liquefaction            Hexes/Earth                  4
   b - Bolt of Magma                  Conjuration/Fire/Earth       5
   c - Statue Form                    Transmutation/Earth          6
   d - Iron Shot                      Conjuration/Earth            6
   e - Shatter                        Earth                        9
 F - a book of Clouds

   Spells                             Type                      Level
   a - Mephitic Cloud                 Conjuration/Poison/Air       3
   b - Conjure Flame                  Conjuration/Fire             3
   c - Poisonous Cloud                Conjuration/Poison/Air       6
   d - Freezing Cloud                 Conjuration/Ice/Air          6
   e - Ring of Flames                 Charms/Fire                  7
 H - Sif Muna's Handbook of Feathery Attacks
   (Sif Muna gifted it to you on level 10 of the Dungeon)

   Spells                             Type                      Level
   a - Shock                          Conjuration/Air              1
   b - Repel Missiles                 Charms/Air                   2
   c - Throw Flame                    Conjuration/Fire             2
   d - Mephitic Cloud                 Conjuration/Poison/Air       3
   e - Lightning Bolt                 Conjuration/Air              5
   f - Conjure Ball Lightning         Conjuration/Air              6
 L - Firihont's Almanac of the Mountains
   (Sif Muna gifted it to you on level 2 of the Lair of Beasts)

   Spells                             Type                      Level
   a - Sandblast                      Earth                        1
   b - Petrify                        Transmutation/Earth          4
   c - Lehudib's Crystal Spear        Conjuration/Earth            8
 O - a book of Enchantments

   Spells                             Type                      Level
   a - Tukima's Dance                 Hexes                        3
   b - Cause Fear                     Hexes                        4
   c - Silence                        Hexes/Air                    5
   d - Deflect Missiles               Charms/Air                   6
   e - Haste                          Charms                       6
   f - Discord                        Hexes                        8
 Q - Sif Muna's Handbook of Glacial Conjuration
   (Sif Muna gifted it to you on level 6 of the Lair of Beasts)

   Spells                             Type                      Level
   a - Magic Dart                     Conjuration                  1
   b - Throw Frost                    Conjuration/Ice              2
   c - Iskenderun's Mystic Blast      Conjuration                  4
   d - Bolt of Cold                   Conjuration/Ice              6
   e - Delayed Fireball               Conjuration/Fire             7
 V - Lehudib's Reference Book on Attacks
   (Sif Muna gifted it to you on level 4 of the Lair of Beasts)

   Spells                             Type                      Level
   a - Flame Tongue                   Conjuration/Fire             1
   b - Searing Ray                    Conjuration                  2
   c - Force Lance                    Conjuration/Translocation    4
   d - Poison Arrow                   Conjuration/Poison           6
   e - Spellforged Servitor           Conjuration/Summoning        7
 X - Sif Muna's Papyrus of Self-Improvement
   (Sif Muna gifted it to you on level 4 of the Snake Pit)

   Spells                             Type                      Level
   a - Infusion                       Charms                       1
   b - Song of Slaying                Charms                       2
   c - Sure Blade                     Hexes/Charms                 2
   d - Ozocubu's Armour               Charms/Ice                   3
Miscellaneous
 o - a phantom mirror
 C - a lamp of fire
 P - a lamp of fire
 U - a sack of spiders {used: 1}


   Skills:
 - Level 6.5 Fighting
 - Level 3.5 Short Blades
   Level 0.4 Maces & Flails
   Level 0.4 Bows
 - Level 4.3 Dodging
 - Level 1.5 Stealth
 - Level 6.0 Spellcasting
 * Level 16.5 Conjurations
 * Level 5.1 Charms
 - Level 3.9 Summonings
 - Level 1.2 Translocations
 - Level 2.1 Fire Magic
 - Level 6.9 Ice Magic
 - Level 12.1 Air Magic
 - Level 5.2 Poison Magic
 - Level 4.2 Invocations
 - Level 0.1 Evocations


You had 3 spell levels left.
You knew the following spells:

 Your Spells              Type           Power        Failure   Level  Hunger
a - Airstrike             Air            #######...   1%          4    N/A
b - Blink                 Tloc           N/A          2%          2    N/A
c - Freezing Cloud        Conj/Ice/Air   #######...   3%          6    N/A
f - Conjure Flame         Conj/Fire      ######..     1%          3    N/A
i - Call Imp              Summ           #####...     1%          2    N/A
p - Mephitic Cloud        Conj/Pois/Air  #######.     1%          3    N/A
r - Repel Missiles        Chrm/Air       ######       1%          2    N/A
s - Swiftness             Chrm/Air       ######..     1%          2    N/A

Dungeon Overview and Level Annotations

Branches:
Dungeon (11/15)            Temple (0/1) D:6            Lair (7/8) D:9
 Shoals (0/5) Lair:5        Snake (5/5) Lair:5          Orc (4/4) D:10
    Elf (0/3) Orc:4
  Slime: Lair:6-8

Altars:
Cheibriados
Dithmenos
Elyvilon
Fedhas
Kikubaaqudgha
Makhleb
Nemelex Xobeh
Okawaru
Sif Muna
Trog
Vehumet
Yredelemnul
Zin
Beogh

Shops:
D:4 !   D:6 (   D:8 (   D:10 [*[:=   Orc:4 ((:(

Annotations:
Snake:5 Wiglaf


Innate Abilities, Weirdness & Mutations

You do not eat or drink.
Your flesh is vulnerable to fire.
You are in touch with the powers of death.
You can restore your body by infusing magical energy.
Your flesh is cold resistant.
You are immune to negative energy.
Your system is resistant to poisons.
You are immune to unholy pain and torment.
You can survive without breathing.


Message History

Aim: a greater naga, wielding a halberd and wearing a robe (freezing vapour, severely wounded, catching its breath)
You hear a sizzling sound!
Evoking this partially-identified wand wasted a few charges.
The greater naga is engulfed in freezing vapours.
Evoke which item? (* to show all) (? for menu, Esc to quit)
Zapping:
Y - a wand of fire {zapped: 2} (will waste charges)
Press: ? - help, Shift-Dir - straight line, f/p - greater naga
Aim: a greater naga, wielding a halberd and wearing a robe (almost dead, catching its breath)
You hear a sizzling sound!
The bolt of fire misses the greater naga.
Evoking this partially-identified wand wasted a few charges.
Evoke which item? (* to show all) (? for menu, Esc to quit)
Okay, then.
Casting: Blink
Confirm with . or Enter, or press ? or * to list all spells.
You feel a surge of power!
You blink.
You are engulfed in freezing vapours.
You resist.
* * * LOW HITPOINT WARNING * * *
The greater naga hits you with a halberd!
You die...

,,,,,,,...........##§§§#
,,,,,,,,..........##).§#
,,,,,,,,,.........##...#
,,,,,,,,,,.........#..##
,,,,,,,,,,,,,....##...#
,,,,,,,,,,,,,,,*##§§..#
,,,,,,,,,,,**####§§§..#
**,,,,,,,,**##§§§§§...#
*,*******#.##§§§@....##
,*********#...§§§N.§.#
,,,,,..........§§..###
,,,,,,..........####
****,,.....######
***#####*


You could see a greater naga.

Vanquished Creatures
  5 greater nagas
  Aizul (Snake:5)
  Josephine (D:11)
  Fannar (Lair:1)
  5 hydras
  9 naga warriors
  A centaur warrior (Orc:4)
  8 anacondas
  A tengu warrior (D:10)
  21 naga sharpshooters
  13 death yaks
  11 shock serpents
  Urug (D:11)
  3 salamander mystics
  2 sea snakes (Snake:2)
  2 unseen horrors (D:10)
  2 hill giants
  A naga ritualist (Snake:5)
  An ugly thing (D:11)
  4 mana vipers
  2 orc knights
  14 salamanders
  A griffon (Lair:6)
  25 elephants
  A siren (Lair:5)
  8 spiny frogs
  28 black mambas
  A guardian serpent (Snake:4)
  23 naga magi
  A kobold demonologist (D:7)
  3 fire drakes
  5 trolls
  A komodo dragon (Lair:1)
  2 polar bears
  3 two-headed ogres
  Prince Ribbit (D:6)
  A centaur simulacrum (D:11)
  13 blink frogs
  4 ravens
  A boulder beetle (Lair:6)
  A basilisk (Lair:4)
  A deep elf mage (D:11)
  56 yaks
  A trapdoor spider (D:11)
  A shadow (D:11)
  A wraith (D:10)
  Eustachio (Orc:1)
  8 hippogriffs
  3 wyverns
  5 wolves (Lair:7)
  A hungry ghost (D:9)
  49 nagas
  3 wargs
  2 necrophages
  10 porcupines
  2 ice beasts
  A phantom (D:5)
  35 orc warriors
  A black bear (D:7)
  41 water moccasins
  An eye of draining (D:8)
  13 centaurs
  2 sky beasts
  11 ogres
  3 big kobolds
  18 crocodiles
  14 giant frogs
  2 wyvern zombies
  A water moccasin skeleton (D:11)
  A wyvern skeleton (D:10)
  A scorpion (Lair:1)
  5 wights
  5 electric eels
  9 killer bees
  2 goliath beetles
  10 crimson imps
  2 giant frog zombies
  A centaur skeleton (D:6)
  4 jellies
  A centaur zombie (D:11)
  23 orc priests
  A wyvern simulacrum (D:11)
  13 hounds
  5 giant frog skeletons
  9 iguanas
  35 orc wizards
  9 worker ants
  6 hell rats (Lair:4)
  A killer bee zombie (D:11)
  5 sheep (Lair:4)
  A hound zombie (D:5)
  3 hound skeletons
  A worker ant zombie (D:9)
  23 adders
  6 gnolls
  72 river rats
  A giant mite (D:7)
  6 shadow imps
  2 white imps
  A worm (D:2)
  An adder skeleton (D:6)
  5 giant geckos
  3 oozes
  245 orcs
  17 bats
  A bat skeleton (D:3)
  A bat zombie (D:7)
  18 goblins
  29 hobgoblins
  17 jackals
  19 quokkas
  2 ball pythons (Snake:3)
  10 giant cockroaches
  5 giant newts
  29 kobolds
  A quokka zombie (D:5)
  26 rats
  A bush (Lair:5)
  16 fungi
  20 plants
1249 creatures vanquished.

Vanquished Creatures (collateral kills)
  Nessos (D:11)
  A hungry ghost (D:7)
  A steam dragon (D:10)
  2 orc warriors (D:7)
  A centaur (D:10)
  A giant frog (D:10)
  A gnoll sergeant (D:6)
  3 wights (D:7)
  A crimson imp (D:5)
  The ghost of ConnectionFaild the Charlatan, a weakling SpAr (D:3)
  An orc priest (D:4)
  2 jellies
  An iguana (D:4)
  2 worker ants (D:4)
  A hound zombie (D:4)
  2 mummies
  An adder (D:4)
  5 gnolls
  A worm (D:5)
  An orc (D:2)
  2 hobgoblins
  5 jackals
  A kobold (D:3)
  A giant cockroach (D:2)
  A giant gecko (D:4)
  A goblin (D:7)
  2 rats
43 creatures vanquished.

Vanquished Creatures (others)
  A manticore (D:11)
  A cyclops (D:11)
  A centaur skeleton (D:11)
  A yaktaur (D:11)
  A trapdoor spider zombie (D:11)
  A spider (Lair:4)
  A human (D:3)
  8 crimson imps
  A giant frog skeleton (D:11)
  2 shadow imps
  5 white imps
  A quokka (D:2)
  A giant spore (D:11)
  2 ballistomycetes (D:11)
  28 fungi
  20 plants
75 creatures vanquished.

Grand Total: 1367 creatures vanquished

Notes
Turn   | Place    | Note
--------------------------------------------------------------
     0 | D:1      | Malachi, the Mummy Wizard, began the quest for the Orb.
     0 | D:1      | Reached XP level 1. HP: 13/13 MP: 4/4
   304 | D:1      | Reached skill level 1 in Conjurations
   673 | D:1      | Reached XP level 2. HP: 11/19 MP: 0/6
   908 | D:1      | Learned a level 2 spell: Call Imp
   911 | D:1      | Learned a level 2 spell: Blink
  1984 | D:2      | Reached XP level 3. HP: 24/24 MP: 0/7
  1997 | D:2      | Learned a level 3 spell: Mephitic Cloud
  2164 | D:2      | Found a sparkling altar of Nemelex Xobeh.
  2552 | D:3      | Noticed ConnectionFaild's ghost (weakling SpAr)
  2575 | D:3      | Killed ConnectionFaild's ghost
  3061 | D:2      | Found a white marble altar of Elyvilon.
  3251 | D:2      | Reached XP level 4. HP: 17/30 MP: 0/9
  4214 | D:2      | Reached skill level 1 in Summonings
  4775 | D:2      | Found a deep blue altar of Sif Muna.
  4781 | D:2      | Found a basalt altar of Yredelemnul.
  4781 | D:2      | Found a snail-covered altar of Cheibriados.
  4783 | D:2      | Found a blossoming altar of Fedhas.
  4786 | D:2      | Became a worshipper of Sif Muna the Loreminder
  5363 | D:1      | Reached XP level 5. HP: 19/36 MP: 2/11
  5683 | D:3      | Found an ancient bone altar of Kikubaaqudgha.
  5683 | D:3      | Noticed a human
  5686 | D:3      | Killed a human
  6472 | D:4      | Reached skill level 1 in Fighting
  6652 | D:4      | Reached skill level 4 in Conjurations
  6987 | D:4      | Noticed a centaur
  7356 | D:4      | Reached XP level 6. HP: 25/43 MP: 1/13
  7444 | D:4      | Learned a level 2 spell: Repel Missiles
  7477 | D:4      | Killed a centaur
  8015 | D:4      | Acquired Sif Muna's first power
  8018 | D:4      | Reached skill level 1 in Poison Magic
  8316 | D:4      | Reached XP level 7. HP: 37/48 MP: 13/15
  8663 | D:4      | Found Epoc's Distillery.
  9051 | D:4      | Reached skill level 1 in Air Magic
  9313 | D:5      | Entered Level 5 of the Dungeon
  9496 | D:5      | Got a crystal short sword
  9497 | D:5      | Identified the +5 short sword of the Vase {pierce, rElec HP+9 MP+9 Int+3} (You found it on level 5 of the Dungeon)
  9512 | D:5      | Found a white marble altar of Elyvilon.
  9519 | D:5      | Learned a level 3 spell: Conjure Flame
  9604 | D:5      | Found a glowing silver altar of Zin.
  9828 | D:5      | Reached skill level 1 in Short Blades
  9897 | D:5      | Reached skill level 1 in Invocations
 10240 | D:6      | Found a radiant altar of Vehumet.
 10249 | D:6      | Reached XP level 8. HP: 57/57 MP: 18/18
 10357 | D:6      | Found a snail-covered altar of Cheibriados.
 10379 | D:6      | Noticed Prince Ribbit
 10398 | D:6      | Killed Prince Ribbit
 10398 | D:6      | Acquired Sif Muna's second power
 10398 | D:6      | Reached skill level 5 in Conjurations
 10479 | D:6      | Found a staircase to the Ecumenical Temple.
 10875 | D:6      | Found a burning altar of Makhleb.
 10905 | D:6      | Reached skill level 1 in Fire Magic
 11459 | D:6      | Found a shadowy altar of Dithmenos.
 11656 | D:6      | Found Ryext's Antique Weapon Emporium.
 11974 | D:7      | Reached XP level 9. HP: 57/65 MP: 20/20
 12746 | D:7      | Reached skill level 1 in Translocations
 12898 | D:7      | Reached skill level 6 in Conjurations
 13842 | D:7      | Noticed a kobold demonologist
 13853 | D:7      | Killed a kobold demonologist
 13989 | D:8      | Found Lyabiw's Antique Weapon Shoppe.
 14706 | D:8      | Reached XP level 10. HP: 53/73 MP: 14/21
 14734 | D:8      | Reached skill level 7 in Conjurations
 15092 | D:9      | Reached skill level 5 in Fighting
 15383 | D:9      | Acquired Sif Muna's third power
 16160 | D:9      | Found a staircase to the Lair.
 16697 | D:9      | Found a bloodstained altar of Trog.
 16697 | D:9      | Found an iron altar of Okawaru.
 16767 | D:10     | Entered Level 10 of the Dungeon
 16811 | D:10     | Found Gompanwa's Antique Armour Shop.
 16865 | D:10     | Bought a glowing robe for 14 gold pieces
 17216 | D:10     | Found Grihif's Book Shop.
 17216 | D:10     | Noticed a hill giant
 17237 | D:10     | Killed a hill giant
 17702 | Lair:1   | Entered Level 1 of the Lair of Beasts
 17832 | Lair:1   | Noticed Fannar
 17877 | Lair:1   | Reached skill level 8 in Conjurations
 18167 | Lair:1   | Learned a level 4 spell: Airstrike
 18575 | Lair:1   | Reached XP level 11. HP: 22/81 MP: 22/22
 18971 | Lair:1   | Upgraded the game from 0.16-a0-3736-g4b94454 to 0.16-a0-3807-g3748f16
 18975 | Lair:1   | Noticed a five-headed hydra
 19040 | Lair:1   | Killed Fannar
 19040 | Lair:1   | Reached skill level 5 in Air Magic
 20015 | D:10     | Noticed an unseen horror
 20125 | D:10     | Noticed an unseen horror
 20130 | D:10     | Killed an unseen horror
 20580 | D:10     | Bought a book of Clouds for 540 gold pieces
 20608 | D:10     | Killed an unseen horror
 20783 | D:10     | Found Saca's Jewellery Shoppe.
 20955 | D:10     | Noticed a tengu warrior
 20968 | D:10     | Killed a tengu warrior
 21034 | D:10     | Received a gift from Sif Muna
 21037 | D:10     | Identified Sif Muna's Handbook of Feathery Attacks (Sif Muna gifted it to you on level 10 of the Dungeon)
 21285 | D:10     | Found a staircase to the Orcish Mines.
 21594 | D:10     | Found Ocyusyor's Antique Armour Shoppe.
 21624 | D:10     | Found Wikinasm's Assorted Antiques.
 21648 | D:11     | Noticed a hill giant
 21721 | Orc:1    | Entered Level 1 of the Orcish Mines
 21819 | Orc:1    | Noticed Eustachio
 21829 | Orc:1    | Killed Eustachio
 21969 | Orc:2    | Reached skill level 5 in Spellcasting
 23394 | Orc:1    | Found a roughly hewn altar of Beogh.
 24063 | D:10     | Bought the ring of the Chupacabra {Wiz HP+9 SInv} for 618 gold pieces
 25511 | Orc:2    | Found an iron altar of Okawaru.
 25751 | Lair:1   | Learned a level 5 spell: Lightning Bolt
 26433 | Lair:1   | Reached XP level 12. HP: 89/89 MP: 12/25
 27053 | D:10     | Learned a level 6 spell: Poisonous Cloud
 27129 | Orc:4    | Entered Level 4 of the Orcish Mines
 27129 | Orc:4    | Found a staircase to the Elven Halls.
 27950 | Orc:4    | Received a gift from Sif Muna
 28770 | Orc:4    | Noticed a centaur warrior
 28775 | Orc:4    | Killed a centaur warrior
 28775 | Orc:4    | Reached skill level 9 in Air Magic
 29465 | Orc:4    | Found Pnuriz's Antique Weapon Boutique.
 29465 | Orc:4    | Found Doadeuga's Book Emporium.
 29468 | Orc:4    | Found Byob's Weapon Shoppe.
 29470 | Orc:4    | Found Mubyvab's Antique Weapon Shop.
 29502 | Orc:4    | Identified Penluf's Almanac of Air (Sif Muna gifted it to you on level 4 of the Orcish Mines)
 31084 | D:11     | Killed a hill giant
 31084 | D:11     | Reached skill level 10 in Air Magic
 31264 | D:11     | Noticed Nessos
 31899 | D:11     | Killed Nessos
 32004 | D:11     | Noticed Urug
 32015 | D:11     | Killed Urug
 32611 | D:11     | Noticed an unseen horror
 32611 | D:11     | Noticed an unseen horror
 32633 | D:11     | Noticed Josephine
 32647 | D:11     | Killed Josephine
 32647 | D:11     | Received a gift from Sif Muna
 32649 | D:11     | Identified Sif Muna's Catalogue of Damaging Air (Sif Muna gifted it to you on level 11 of the Dungeon)
 32728 | D:11     | Reached skill level 11 in Air Magic
 33475 | D:11     | Reached XP level 13. HP: 94/94 MP: 22/26
 34787 | Lair:1   | Learned a level 2 spell: Swiftness
 36717 | Lair:2   | Reached skill level 12 in Air Magic
 38076 | Lair:2   | Received a gift from Sif Muna
 38213 | Lair:2   | Identified Firihont's Almanac of the Mountains (Sif Muna gifted it to you on level 2 of the Lair of Beasts)
 39143 | Lair:2   | Reached skill level 10 in Conjurations
 45220 | Lair:4   | Reached XP level 14. HP: 101/101 MP: 1/27
 45225 | Lair:4   | Received a gift from Sif Muna
 45236 | Lair:4   | Identified Lehudib's Reference Book on Attacks (Sif Muna gifted it to you on level 4 of the Lair of Beasts)
 46245 | Lair:5   | Upgraded the game from 0.16-a0-3807-g3748f16 to 0.16-a0-3820-g492871e
 46948 | Lair:5   | Reached skill level 5 in Poison Magic
 47045 | Lair:5   | Learned a level 6 spell: Freezing Cloud
 47109 | Lair:5   | Found a staircase to the Snake Pit.
 47170 | Lair:5   | Reached skill level 1 in Ice Magic
 47480 | Lair:5   | Found a staircase to the Shoals.
 48979 | Lair:5   | Reached skill level 5 in Ice Magic
 49255 | Lair:6   | Received a gift from Sif Muna
 49265 | Lair:6   | Identified Sif Muna's Handbook of Glacial Conjuration (Sif Muna gifted it to you on level 6 of the Lair of Beasts)
 50829 | Lair:1   | Killed a five-headed hydra
 51358 | Lair:7   | Reached skill level 1 in Charms
 51764 | Snake:1  | Entered Level 1 of the Snake Pit
 52078 | Snake:1  | Got an encrusted leather armour
 52079 | Snake:1  | Identified the cursed -4 leather armour of Pragmatism {rN+ Regen+ Str-3} (You found it on level 1 of the Snake Pit)
 53664 | Snake:2  | Reached XP level 15. HP: 106/106 MP: 19/28
 53887 | Snake:2  | HP: 2/124 [naga mage/halberd (26)]
 54372 | Snake:2  | Received a gift from Sif Muna
 54375 | Snake:2  | Identified Lehudib's Reference Book on Aerial Battle Magic (Sif Muna gifted it to you on level 2 of the Snake Pit)
 54649 | Snake:2  | Reached skill level 13 in Conjurations
 57963 | Snake:3  | Reached skill level 14 in Conjurations
 58652 | Snake:4  | Found a deep blue altar of Sif Muna.
 58681 | Snake:4  | Received a gift from Sif Muna
 58684 | Snake:4  | Identified Sif Muna's Papyrus of Self-Improvement (Sif Muna gifted it to you on level 4 of the Snake Pit)
 58922 | Snake:3  | Upgraded the game from 0.16-a0-3820-g492871e to 0.16-a0-3889-g45dc0c2
 58956 | Snake:4  | Upgraded the game from 0.16-a0-3889-g45dc0c2 to 0.16-a0-3933-g06ce5c0
 60372 | Snake:4  | Upgraded the game from 0.16-a0-3933-g06ce5c0 to 0.16-a0-3939-g9a3e665
 60389 | Snake:5  | Entered Level 5 of the Snake Pit
 60908 | Snake:5  | Reached skill level 15 in Conjurations
 60914 | Snake:5  | Reached XP level 16. HP: 59/113 MP: 11/29
 62492 | Snake:5  | Noticed Aizul
 62505 | Snake:5  | Killed Aizul
 62843 | Snake:5  | Received a gift from Sif Muna
 62852 | Snake:5  | Identified Sif Muna's Reference Book on Conjuration (Sif Muna gifted it to you on level 5 of the Snake Pit)
 64024 | Snake:5  | Reached skill level 16 in Conjurations
 64024 | Snake:5  | Reached skill level 5 in Charms
 65127 | Snake:5  | Received a gift from Sif Muna
 65264 | Snake:5  | Identified Sif Muna's Compendium of the Glacier (Sif Muna gifted it to you on level 5 of the Snake Pit)
 65511 | Snake:5  | Noticed Wiglaf
 65820 | Snake:5  | HP: 6/131 [cloud of freezing vapour (9)]
 65821 | Snake:5  | Mangled by a greater naga

Action                   |  1- 3 |  4- 6 |  7- 9 | 10-12 | 13-15 | 16-18 || total
-------------------------+-------+-------+-------+-------+-------+-------++-------
Melee: Club              |    21 |       |       |       |       |       ||    21
       Mace              |     9 |    39 |       |       |       |       ||    48
       Short sword       |       |    59 |   348 |   688 |   228 |       ||  1323
 Fire: Shortbow          |       |     3 |       |       |       |       ||     3
 Cast: Magic Dart        |    87 |   133 |    52 |    24 |       |       ||   296
       Call Imp          |     5 |    38 |    28 |    18 |     1 |       ||    90
       Mephitic Cloud    |     3 |    12 |    56 |   145 |     7 |     1 ||   224
       Blink             |     1 |     1 |     2 |    12 |    18 |     8 ||    42
       Repel Missiles    |       |     1 |     1 |     6 |     3 |     2 ||    13
       Conjure Flame     |       |       |    25 |    26 |     7 |       ||    58
       Airstrike         |       |       |       |   332 |   391 |    89 ||   812
       Lightning Bolt    |       |       |       |     5 |       |       ||     5
       Poisonous Cloud   |       |       |       |    29 |    96 |       ||   125
       Swiftness         |       |       |       |       |     7 |     1 ||     8
       Freezing Cloud    |       |       |       |       |   243 |   123 ||   366
Invok: Channel Energy    |       |       |     5 |   232 |   340 |   192 ||   769
       Forget Spell      |       |       |       |     1 |     1 |       ||     2
Evoke: Wand              |       |       |       |     9 |     4 |     2 ||    15
       Lamp of fire      |       |       |       |     1 |     1 |       ||     2
       Sack of spiders   |       |       |       |       |     1 |       ||     1
  Use: Scroll            |     7 |     3 |     6 |    12 |     9 |     5 ||    42
 Stab: Distracted        |       |     1 |     1 |     1 |       |       ||     3
       Confused          |       |       |    10 |    29 |       |       ||    39
       Sleeping          |       |       |     3 |     2 |       |       ||     5
